 Dungeon Crawl Stone Soup version 0.30.1-9-gdf580d7c3d (webtiles) character file.

Game seed: 10212150476712062577

13686 lonewolfV2 the Spear-Bearer (level 12, -1/94 HPs)
             Began as a Formicid Fighter on Sept 27, 2023.
             Was a Priest of Makhleb.
             Slain by an orc warlord
             ... wielding a +2 great sword of protection
              (25 damage)
             ... on level 1 of the Orcish Mines.
             The game lasted 00:19:00 (13737 turns).

lonewolfV2 the Spear-Bearer (Formicid Fighter)     Turns: 13737, Time: 00:19:01

Health: -1/94      AC: 13    Str: 19    XL:     12   Next: 35%
Magic:  21/21      EV: 18    Int:  4    God:    Makhleb [***...]
Gold:   705        SH:  0    Dex: 15    Spells: 11/11 levels left

rFire   + . .        z - +6 trident "Ybituhy" {drain, rElec rPois rN+ MP+9}
rCold   + . .        c - +0 buckler
rNeg    + + +        y - +4 ring mail
rPois   +            (helmet unavailable)
rElec   +            (no cloak)
rCorr   +            (no gloves)
SInv    +            k - +1 pair of boots
Will    +....        o - amulet of magic regeneration Stlth
                     f - +5 ring of evasion
HPRegen 0.35/turn    E - ring of Ratu Cot {Fly rN+++ rCorr Str-4 Int-5}
MPRegen 0.57/turn

%: no passive effects
@: confused, resistant, ambrosia-drunk, flying
A: permanent stasis, dig shafts and tunnels, antennae 3, four strong arms
a: Dig, Shaft Self, Renounce Religion, Minor Destruction, Lesser Servant of
Makhleb


You were on level 1 of the Orcish Mines.
You worshipped Makhleb.
Makhleb was most pleased with you.
You visited 3 branches of the dungeon, and saw 14 of its levels.

You collected 705 gold pieces.

Inventory:

Hand Weapons
 a - a +0 war axe
 q - a +1 hammer of venom
 z - the +6 trident "Ybituhy" (weapon) {drain, rElec rPois rN+ MP+9}
   (You found it on level 4 of the Dungeon)

   rElec:     It insulates you from electricity.
   rPois:     It protects you from poison.
   rN:        It protects you from negative energy.
   MP:        It affects your magic capacity (+9).
Armour
 b - a +0 scale mail
 c - a +0 buckler (worn)
 k - a +1 pair of boots (worn)
 y - a +4 ring mail (worn)
Jewellery
 f - a +5 ring of evasion (left hand)
 o - an amulet of magic regeneration (around neck)
 v - a ring of poison resistance
 A - a ring of magical power
 B - a ring of positive energy
 E - the ring of Ratu Cot (right hand) {Fly rN+++ rCorr Str-4 Int-5}
   (You acquired it on level 10 of the Dungeon)

   [ring of resist corrosion]

   Str:       It affects your strength (-4).
   Int:       It affects your intelligence (-5).
   rN:        It renders you almost immune to negative energy.
   Fly:       It grants you flight.
   rCorr:     It protects you from acid and corrosion.
 K - the ring "Puacwad" {Ice rN+ Will- Int+3 Slay+3}
   (You found it on level 10 of the Dungeon)

   [ring of ice]

   It enhances your ice magic.
   Int:       It affects your intelligence (+3).
   Slay:      It affects your accuracy & damage with ranged weapons and melee
   (+3).
   rF:        It makes you vulnerable to fire.
   rC:        It protects you from cold.
   rN:        It protects you from negative energy.
   Will:      It decreases your willpower.
 M - an amulet of faith
Wands
 s - a wand of flame (4)
 x - a wand of polymorph (6) (quivered)
 D - a wand of charming (8)
 F - a wand of iceblast (12)
 G - a wand of quicksilver (11)
 N - a wand of digging (8)
Scrolls
 e - 4 scrolls of teleportation
 n - a scroll of magic mapping
 t - a scroll of poison
 w - a scroll of enchant armour
 C - a scroll of blinking
 H - a scroll of enchant weapon
 I - 2 scrolls of fear
 J - a scroll of immolation
 L - 3 scrolls of brand weapon
 Q - a scroll of fog
Potions
 g - 3 potions of haste
 h - 4 potions of flight
 i - a potion of degeneration
 j - a potion of resistance
 l - a potion of ambrosia
 m - 2 potions of berserk rage
 p - 3 potions of curing
 r - 5 potions of brilliance
 u - a potion of mutation
 O - a potion of cancellation {unknown}
Miscellaneous
 P - a piece from Xom's chessboard (15/15)


   Skills:
 + Level 8.9 Fighting
 + Level 4.7(9.2) Axes
 + Level 3.9(5.0) Maces & Flails
 + Level 11.5(11.9) Polearms
 + Level 8.1 Armour
 + Level 6.1 Dodging
 + Level 2.9 Stealth
 + Level 9.8 Shields
 + Level 0.9 Evocations


You had 11 spell levels left.
You didn't know any spells.
Your spell library contained the following spells:

 Spells                   Type           Power      Damage    Failure   Level
 Apportation              Tloc           0%         N/A       71%         1
 Foxfire                  Conj/Fire      0%         2x1d4     71%         1
 Necrotise                Necr           0%         1d4       71%         1
 Sting                    Tmut/Pois      0%         1d3       71%         1
 Summon Small Mammal      Summ           0%         N/A       71%         1
 Poisonous Vapours        Pois/Air       0%         N/A       85%         2
 Gell's Gravitas          Tloc           0%         N/A       97%         3
 Teleport Other           Tloc           0%         N/A       97%         3
 Olgreb's Toxic Radiance  Pois           0%         N/A       100%        4
 Fireball                 Conj/Fire      0%         3d3       100%        5
 Dispersal                Tloc           0%         N/A       100%        6
 Plasma Beam              Fire/Air       0%         2x1d11    100%        6
 Starburst                Conj/Fire      0%         6d3       100%        6


Dungeon Overview and Level Annotations

Branches:
Dungeon (12/15)            Temple (1/1) D:7            Lair (0/5) D:8
    Orc (1/2) D:12

Altars:
Ashenzari
Cheibriados
Dithmenos
Elyvilon
Fedhas
Gozag
Hepliaklqana
Kikubaaqudgha
Makhleb
Nemelex Xobeh
Okawaru
Qazlal
Ru
Sif Muna
Trog
Uskayaw
Vehumet
Wu Jian
Xom
Yredelemnul
Zin
The Shining One

Annotations:
D:3 2 transporters, Athletesfoot's ghost, weakling MiFi
D:9 6 transporters


Innate Abilities, Weirdness & Mutations

You cannot be hasted, slowed, berserked, paralysed or teleported.
You can dig through walls and to a lower floor.
You have a pair of large antennae on your head. (SInv)
Your four strong arms can wield two-handed weapons with a shield.


Message History

The orc warrior is lightly wounded.
The orc priest mumbles some strange prayers to Beogh against you.
You resist with significant effort. The orc barely misses you.
The orc misses you. The orc warrior misses you. The orc warlord misses you.
You puncture the orc warrior!
The orc warrior is heavily wounded.
The orc warrior no longer looks unusually strong.
You barely miss the orc warrior.
The orc warrior is heavily wounded.
The orc seems less drained.
The orc priest casts a cantrip, but nothing happens.
The orc hits you with a +0 club.
* * * LOW HITPOINT WARNING * * *
You block the orc's attack. The orc warrior barely misses you.
The orc warlord completely misses you.
You closely miss the orc warrior.
The orc warrior is heavily wounded.
The orc no longer looks unusually strong.
The orc priest misses you. The orc closely misses you.
You block the orc's attack. The orc warrior misses you.
The orc warlord roars a battlecry!
The orcs go into a battle-frenzy!
You hit the orc warrior. You drain the orc warrior.
The orc warrior is severely wounded.
Unknown command.
You hit the orc warrior.
You kill the orc warrior!
Makhleb accepts your kill.
You feel better.
The orc priest calls upon Beogh to heal the orc warlord.
The orc warlord is healed somewhat.
The orc barely misses you. You block the orc's attack.
The orc warlord hits you but does no damage.
You are confused.
You feel invigorated. The orc priest closely misses you.
The orc hits you with a +0 club.
* * * LOW HITPOINT WARNING * * *
The orc barely misses you.
The orc warlord hits you with a +2 great sword of protection!!
You die...

##.....###...
####.........#.. ##
##.#...###....... ##.#
###......##........
#...##..#.....###.......
#..#.....#.......##.#...
........#.........##....
#.#....oo).........##..#
#......@o)..........#...
....$.#oo......###.#.#..
..#.. ##...$>..#........
#. .#...........#.... #.
.......)).....#.## #
........).######.#
.#.......8# .........#
#.......$'


You could see an orc warlord, 2 orc priests and 2 orcs.

Vanquished Creatures
  A slime creature (D:12)
  Erica (D:11)
  A two-headed ogre (D:11)
  An ugly thing (D:11)
  An unseen horror (D:11)
  2 kobold demonologists
  2 trolls
  Grinder (D:5)
  12 yaks
  Sigmund (D:2)
  2 vampires
  4 wyverns
  2 vampire mosquitoes (D:11)
  2 steam dragons
  Menkaure (D:3)
  A basilisk (D:11)
  Duvessa (D:5)
  An acid dragon (D:9)
  2 water moccasins
  8 orc warriors
  4 black bears
  2 ice beasts
  A sky beast (D:7)
  6 ogres
  A phantom (D:5)
  2 centaurs
  5 kobold brigands
  An elf zombie (D:4)
  5 bullfrogs
  4 gnoll sergeants
  2 elf skeletons (D:4)
  7 scorpions
  15 wights
  Dowan (D:5)
  7 killer bees
  7 howler monkeys
  3 jellies
  8 orc priests
  Crazy Yiuf (D:2)
  2 sleepcaps
  A gnoll bouda (D:5)
  A hound (D:3)
  Ijyb (D:3)
  A human skeleton (D:4)
  6 orc wizards
  Natasha (D:3)
  15 gnolls
  An adder (D:2)
  4 white imps
  An ufetubus (D:5)
  4 dart slugs
  2 worms
  40 orcs
  5 bats
  11 endoplasms
  4 giant cockroaches
  9 goblins
  4 hobgoblins
  11 jackals
  3 quokkas
  4 ball pythons
  4 frilled lizards
  15 kobolds
  2 orc skeletons (D:4)
  4 rats
285 creatures vanquished.

Vanquished Creatures (others)
  A phantom (D:6)
  An orc wizard (D:9)
2 creatures vanquished.

Grand Total: 287 creatures vanquished

Notes
Turn   | Place    | Note
-------+----------+-------------------------------------------
     0 | D:1      | lonewolfV2 the Formicid Fighter began the quest for the
                  | Orb.
     0 | D:1      | Reached XP level 1. HP: 18/18 MP: 1/1
   193 | D:1      | Reached XP level 2. HP: 24/24 MP: 2/2
   449 | D:1      | Found a faded altar of an unknown god.
   728 | D:1      | Reached XP level 3. HP: 28/29 MP: 3/3
  1415 | D:2      | Reached XP level 4. HP: 35/35 MP: 4/4
  1418 | D:2      | Noticed Sigmund
  1429 | D:2      | Killed Sigmund
  1430 | D:2      | Reached skill level 5 in Shields
  1430 | D:2      | Reached XP level 5. HP: 21/42 MP: 5/5
  1430 | D:2      | Reached XP level 6. HP: 25/48 MP: 6/6
  1835 | D:2      | Found a runed translucent door.
  1836 | D:2      | Noticed Crazy Yiuf
  2039 | D:2      | Killed Crazy Yiuf
  2140 | D:3      | Noticed Ijyb
  2152 | D:3      | Killed Ijyb
  2475 | D:3      | Found a transporter.
  2478 | D:3      | Noticed Athletesfoot's ghost (weakling MiFi)
  2745 | D:3      | Found a transporter.
  2910 | D:3      | Noticed Natasha
  2915 | D:3      | Killed Natasha
  2916 | D:3      | Reached skill level 1 in Dodging
  3083 | D:4      | Noticed Menkaure
  3113 | D:3      | Reached skill level 1 in Maces & Flails
  3113 | D:3      | Reached XP level 7. HP: 11/54 MP: 7/7
  3467 | D:3      | Killed Menkaure
  3760 | D:4      | Identified the +6 trident "Ybituhy" {drain, rElec rPois rN+
                  | MP+9}
  3799 | D:4      | Found an opulent altar of Gozag.
  3894 | D:4      | Reached XP level 8. HP: 61/61 MP: 8/8
  3933 | D:4      | Reached skill level 5 in Armour
  3945 | D:4      | Reached skill level 1 in Polearms
  4133 | D:5      | Entered Level 5 of the Dungeon
  4191 | D:5      | Reached skill level 2 in Polearms
  4584 | D:5      | Noticed Duvessa
  4585 | D:5      | Noticed Dowan
  4592 | D:5      | Killed Duvessa
  4593 | D:5      | Reached skill level 5 in Fighting
  4593 | D:5      | Reached skill level 3 in Polearms
  4593 | D:5      | Reached skill level 1 in Stealth
  4596 | D:5      | Killed Dowan
  4597 | D:5      | Reached XP level 9. HP: 68/68 MP: 9/9
  4964 | D:5      | Noticed Grinder
  4982 | D:5      | Killed Grinder
  4983 | D:5      | Reached skill level 4 in Polearms
  5861 | D:6      | Reached skill level 5 in Polearms
  7011 | D:7      | Found a staircase to the Ecumenical Temple.
  7034 | D:7      | Reached skill level 6 in Polearms
  7172 | Temple   | Entered the Ecumenical Temple
  7188 | Temple   | Became a worshipper of Makhleb the Destroyer
  7231 | D:7      | Reached XP level 10. HP: 76/76 MP: 10/10
  7803 | D:7      | Found a glowing golden altar of the Shining One.
  7810 | D:7      | Found a snail-covered altar of Cheibriados.
  8143 | D:8      | Reached skill level 7 in Polearms
  8594 | D:8      | Reached skill level 8 in Polearms
  8839 | D:8      | Reached * piety under Makhleb
  9143 | D:8      | Found a staircase to the Lair.
  9412 | D:9      | Found a transporter.
  9420 | D:9      | Found a transporter.
  9473 | D:9      | Reached XP level 11. HP: 83/83 MP: 11/11
  9503 | D:9      | Reached skill level 9 in Polearms
  9611 | D:9      | Reached skill level 5 in Dodging
  9653 | D:9      | Found an iron altar of Okawaru.
  9677 | D:9      | Found a transporter.
  9703 | D:9      | Found a transporter.
  9786 | D:9      | Found a transporter.
  9787 | D:9      | Found a transporter.
  9996 | D:9      | Reached ** piety under Makhleb
 10493 | D:10     | Entered Level 10 of the Dungeon
 10527 | D:10     | Found a flagged portal.
 10997 | D:10     | Reached skill level 10 in Polearms
 11231 | D:10     | Identified a scroll of acquirement
 11231 | D:10     | Acquired the ring of Ratu Cot {Fly rN+++ rCorr Str-4 Int-5}
 11337 | D:10     | Identified the ring "Puacwad" {Ice rN+ Will- Int+3 Slay+3}
 11437 | D:10     | Reached *** piety under Makhleb
 11776 | D:11     | Noticed a purple ugly thing
 11793 | D:11     | Noticed Erica
 11794 | D:11     | Killed a green ugly thing
 11806 | D:11     | Killed Erica
 11844 | D:11     | Noticed a two-headed ogre
 11849 | D:11     | Killed a two-headed ogre
 12038 | D:11     | Reached XP level 12. HP: 88/94 MP: 12/12
 12865 | D:12     | Reached skill level 11 in Polearms
 13386 | D:12     | Found a staircase to the Orcish Mines.
 13632 | Orc:1    | Entered Level 1 of the Orcish Mines
 13693 | Orc:1    | Noticed an orc warlord
 13737 | Orc:1    | Slain by an orc warlord

Illustrated notes

Levels and vault maps discovered:
D:1:      minmay_arrival_semitransparent, layout_loops_corners,
          dreamdust_ecumenical_altar_angels_and_demons,
          nicolae_concentric_dashed_squares_mild, nicolae_figureground_sparkle
D:2:      layout_rooms, uniq_crazy_yiuf_cottage, uniq_sigmund
D:3:      layout_basic, gammafunk_ghost_mausoleum, uniq_natasha, uniq_ijyb
D:4:      layout_basic, grunt_gozag_statues, nicolae_ossuary_entry_catacombs,
          uniq_menkaure
D:5:      layout_layer_cave, nicolae_zen_rock_garden, uniq_duvessa, uniq_grinder
D:6:      layout_loops_ring, lemuel_flamethrower_2
D:7:      layout_loops_corners, amethyst_overflow_temple_binary,
          minmay_temple_entry_gardened_gates, minmay_hedge_maze
D:8:      black_bear_nest_2, layout_basic, grunt_lair_entry_orc_guard_hut,
          minmay_gold_behind_fungi
D:9:      layout_loops_corners, mainiacjoe_overflow_alcove_2,
          hangedman_decor_slide_cut, serial_nicolae_subway,
          nicolae_sub_station_stone, nicolae_sub_station_crystal,
          nicolae_sub_station_metal
D:10:     layout_gridville, enter_bailey_3, minmay_librarian
D:11:     layout_small_grid, serial_co_window_serial, co_window_paths_b,
          co_window_paths_a, co_window_paths_a, co_window_paths_a,
          co_window_corner_a, co_window_paths_b, co_window_corner_cb,
          co_window_broadway_b, co_window_of_opportunity_b, co_window_corner_b,
          co_window_2corner, co_window_corner_b, co_window_paths_e,
          co_window_sun, glass_columns_b, glass_columns_b, glass_columns_b,
          glass_columns_b, uniq_erica
D:12:     layout_loops_corners, kennysheep_orc_monster_closet_entryway,
          blue_anna_alchemist
Temple:   nicolae_temple_no_exploring_needed
Orc:1:    nicolae_orc_accident_2, layout_caves, serial_shops,
          nicolae_shop_back_alley_shop, portal_ice_cave_entry_pillars_1,
          ebering_ghost_rock_garden, minmay_orc_temple_a

Skill      XL: |  1  2  3  4  5  6  7  8  9 10 11 12 |
---------------+-------------------------------------+-----
Axes           | 4 |  4.7
Armour         | 4 5 6 7 8 |  8.1
Shields        | 5 6 7 8 9 |  9.8
Fighting       | 4 5 6 8 |  8.9
Dodging        | 1 2 3 4 5 6 |  6.1
Maces & Flails | 1 3 |  3.9
Polearms       | 3 6 8 10 11 | 11.5
Stealth        | 1 2 |  2.9
Evocations     | |  0.9

Action                     |  1- 3 |  4- 6 |  7- 9 | 10-12 || total
---------------------------+-------+-------+-------+-------++-------
  Melee: War axe           |    65 |    16 |       |       ||    81
         Mace              |       |    88 |    22 |       ||   110
         Trident           |       |       |   237 |   573 ||   810
  Evoke: Wand              |       |       |       |     3 ||     3
    Use: Scroll            |     2 |       |    12 |    11 ||    25
         Potion            |       |     1 |     5 |     6 ||    12
 Armour: Scale mail        |    34 |    66 |     2 |       ||   102
         Ring mail         |       |       |    79 |   156 ||   235
  Dodge: Dodged            |    47 |   140 |   202 |   525 ||   914
  Block: Buckler           |    21 |    50 |    74 |   198 ||   343
